 Dungeon Crawl Stone Soup version 0.31-a0-233-g139696dc86 (webtiles) character file.

Game seed: 17222998317766458612

52 Iniera the Digger (level 3, -9/19 HPs)
             Began as a Deep Elf Earth Elementalist on July 10, 2023.
             Mangled by Sigmund
             ... wielding a +0 scythe
              (10 damage)
             ... on level 2 of the Dungeon.
             The game lasted 00:02:30 (769 turns).

Iniera the Digger (Deep Elf Earth Elementalist)      Turns: 769, Time: 00:02:30

Health: -9/19      AC:  5    Str:  5    XL:     3   Next: 60%
Magic:  1/10       EV: 13    Int: 21    God:
Gold:   42         SH:  0    Dex: 15    Spells: 3/9 levels left

rFire   . . .        d - +2 dagger (venom)
rCold   . . .        (no shield)
rNeg    . . .        a - +0 robe
rPois   .            (no helmet)
rElec   .            f - +2 cloak
rCorr   .            (no gloves)
SInv    .            (no boots)
Will    .....        (no amulet)
Stlth   +            (no ring)
HPRegen 0.23/turn    (no ring)
MPRegen 0.12/turn

%: no passive effects
@: confused, attractive
A: no striking features
a: no special abilities


You were on level 2 of the Dungeon.
You visited 1 branch of the dungeon, and saw 2 of its levels.

You collected 42 gold pieces.

Inventory:

Hand Weapons
 d - a +2 dagger of venom (weapon)
Armour
 a - a +0 robe (worn)
 f - a +2 cloak (worn)
Jewellery
 e - an amulet of faith
Potions
 b - a potion of magic


   Skills:
 + Level 2.9 Dodging
 + Level 3.0 Stealth
 + Level 3.5 Spellcasting
 + Level 1.2 Conjurations
 + Level 1.9 Transmutations
 + Level 3.6 Earth Magic


You had 3 spell levels left.
You knew the following spells:

 Your Spells              Type           Power      Damage    Failure   Level
a - Sandblast             Erth           36%        2d10      2%          1
b - Passwall              Tmut/Erth      12%        N/A       6%          2
c - Stone Arrow           Conj/Erth      26%        3d8       14%         3

Your spell library contained the following spells:

 Spells                   Type           Power      Damage    Failure   Level
 Hailstorm                Conj/Ice       6%         3d4       30%         3
 Petrify                  Tmut/Erth      15%        N/A       38%         4
 Ice Form                 Ice/Tmut       7%         N/A       63%         4
 Simulacrum               Ice/Necr       1%         N/A       100%        6


Dungeon Overview and Level Annotations

Branches:
Dungeon (2/15)

Altars:

Annotations:
D:2 Robin, Sigmund


Message History

Confirm with . or Enter, or press ? or * to list all spells.
The spell is extremely dangerous to miscast (14% risk of failure)!
Continue anyway?
Aiming: Stone Arrow (extremely dangerous; 14% risk of failure)
Press: ? - help, Shift-Dir - straight line, f/p - hobgoblin
Aim: a hobgoblin (translocational energy, 68% to hit)
The stone arrow hits the goblin!
You kill the goblin!
Robin is attracted toward you. The goblin is attracted toward you.
Robin and a goblin come into view.
Casting: Stone Arrow (extremely dangerous; 14% risk of failure)
Confirm with . or Enter, or press ? or * to list all spells.
The spell is extremely dangerous to miscast (14% risk of failure)!
Continue anyway?
Aiming: Stone Arrow (extremely dangerous; 14% risk of failure)
Press: ? - help, Shift-Dir - straight line, f/p - hobgoblin
Aim: a hobgoblin (68% to hit)
The stone arrow hits the hobgoblin!!
You kill the hobgoblin!
The goblin shouts!
You hear a shout! x2
Something barely misses you.
A goblin comes into view. It is wielding a +0 dagger.
Robin throws the goblin at you!
You hear a shout!
Your magical contamination has completely faded away.
Robin is attracted toward you. The goblin is attracted toward you.
Okay, then.
You aren't carrying any scrolls.
Unknown command.
Casting: Stone Arrow (extremely dangerous; 14% risk of failure)
Confirm with . or Enter, or press ? or * to list all spells.
You don't have enough magic to cast this spell.
You hit the goblin.
You kill the goblin!
You hear a shout!
You hear some strange, mumbled words.
You are confused.
Robin roars a battlecry!
The goblins go into a battle-frenzy!
You hear a shout!
Something hits you!
Ouch! That really hurt!
You die...

#......>.<....#
##.#>.#####.......
#..#.†# #.##.###
#..#..#####.## # #
#.............
#.##.##..########
#........#
####)###.# #@# #.#
#.# #.# #g# #..
#g# ### #g# ..§
§.# §..


You could see Robin and 2 goblins.

Vanquished Creatures
  A worm (D:2)
  2 dart slugs (D:1)
  3 ball pythons (D:1)
  5 bats (D:1)
  An endoplasm (D:1)
  2 giant cockroaches
  9 goblins
  2 hobgoblins
  4 kobolds (D:1)
  4 quokkas
  5 rats
38 creatures vanquished.

Notes
Turn   | Place    | Note
-------+----------+-------------------------------------------
     0 | D:1      | Iniera the Deep Elf Earth Elementalist began the quest for
                  | the Orb.
     0 | D:1      | Reached XP level 1. HP: 10/10 MP: 6/6
   118 | D:1      | Reached XP level 2. HP: 15/15 MP: 4/8
   309 | D:1      | Reached skill level 1 in Conjurations
   416 | D:1      | Reached XP level 3. HP: 13/19 MP: 9/9
   585 | D:1      | Found a faded altar of an unknown god.
   652 | D:1      | Learned a level 2 spell: Passwall
   656 | D:1      | Learned a level 3 spell: Stone Arrow
   758 | D:2      | Noticed Sigmund
   767 | D:2      | Noticed Robin
   769 | D:2      | Mangled by Sigmund

Illustrated notes

Levels and vault maps discovered:
D:1:      dpeg_arrival_snail, layout_rooms, hellmonk_ecumenical_altar_run_dry,
          st_stairs_5, minmay_heptomino_o4
D:2:      layout_loops_ring, minmay_small_reverse_x, uniq_jessica, uniq_robin,
          uniq_sigmund, uniq_crazy_yiuf_cottage

Skill      XL: |  1  2  3 |
---------------+----------+-----
Conjurations   | 1 |  1.2
Stealth        | 3 |  3.0
Dodging        | |  2.9
Spellcasting   | |  3.5
Transmutations | |  1.9
Earth Magic    | |  3.6

Action                     || total
---------------------------++-------
  Melee: Dagger            ||    83
   Cast: Sandblast         ||    13
         Stone Arrow       ||     2
    Use: Scroll            ||     2
         Potion            ||     1
   Stab: Sleeping          ||     1
 Armour: Robe              ||    24
  Dodge: Dodged            ||    63

Table legend: (Time is in decaauts)
 A = Elapsed time spent in this place.
 B = Non-inter-level travel time spent in this place.
 C = Inter-level travel time spent in this place.
 D = Time resting spent in this place.
 E = Time spent auto-exploring this place.
 F = Levels seen in this place.
 G = Mean time per level.
                   A        B        C        D        E       F      G
               +--------+--------+--------+--------+--------+-----+--------+
         Total |    774 |    755 |     19 |      0 |    489 |   2 |  387.0 |
       Dungeon |    774 |    755 |     19 |      0 |    489 |   2 |  387.0 |
               +--------+--------+--------+--------+--------+-----+--------+

Top non-repeatable levels by time:
     D:1: 677 daAuts
     D:2: 97 daAuts
